[Event "*** Titled Tuesday Blitz"]
[Site "Chess.com"]
[Date "2021.03.02"]
[Round "8"]
[White "FMalexhdez"]
[Black "Bongcloudtransvestit"]
[Result "1-0"]
[WhiteElo "2170"]
[BlackElo "2263"]
[TimeControl "180+1"]
[EndTime "11:30:09 PST"]
[Termination "FMalexhdez won on time"]

1. e4 c5 2. Nf3 e6 3. d4 cxd4 4. Nxd4 a6 5. c4 d6 6. Nc3 Nf6 7. Be2 b6 8. O-O Bb7 9. f3 Nbd7 10. Nc2 Rc8 11. Ne3 g5 12. b3 h5 13. Bb2 g4 14.
fxg4 Bh6 15. Bc1 b5 16. Qd4 b4 17. Na4 e5 18. Qxd6 Nxe4 19. Qd3 hxg4 20. Nxg4 Bxc1 21. Raxc1 Qh4 22. Rxf7 Ndc5 23. Nxc5 Kxf7 24. Nxe4 Rcd8 25. Qf3+ Kg7 26. h3 Rhf8 27. Qe3 Rf4 28. Nef2 Qe7 29. Qxe5+ Qxe5 30. Nxe5 Re8 31. Nfg4 Rxg4 32. Nxg4 Rxe2 33. c5 Rxg2+ 34. Kf1 Rxa2 35. c6 Bc8 36. Ne5 Rb2 37.
c7 Rxb3 38. Nc6 1-0

[Event "*** Titled Tuesday Blitz"]
[Site "Chess.com"]
[Date "2021.03.02"]
[Round "8"]
[White "Sergey85Rodchenkov"]
[Black "Meri-Arabidze"]
[Result "1-0"]
[WhiteElo "2498"]
[BlackElo "2625"]
[TimeControl "180+1"]
[EndTime "11:30:11 PST"]
[Termination "Sergey85Rodchenkov won on time"]

1. e4 c5 2. Nf3 e6 3. d3 Nc6 4. g3 Nf6 5. Bg2 d6 6. O-O Be7 7. Re1 O-O 8. c4 e5 9. Nc3 h6 10. Nd5 Nxd5 11. cxd5 Nd4 12. Nxd4 cxd4 13. f4 Bf6 14.
fxe5 Bxe5 15. Rf1 Bd7 16. Qb3 Qa5 17. a3 Qb5 18. Qd1 Rac8 19. Rf2 Qa6 20. Bf1 Ba4 21. Qg4 Kh8 22. Qh5 Be8 23. Qg4 b5 24. Bf4 Qb7 25.
Bxe5 dxe5 26. Bh3 Rd8 27. Qe2 Bd7 28. Bxd7 Qxd7 29. Rc1 f5 30. Rcf1 f4 31. gxf4 exf4 32. Rxf4 Rxf4 33. Rxf4 Re8 34. Qf2 Qe7 35. h4 Rc8 36.
Kg2 Qd6 37. Rf3 Qg6+ 38. Rg3 Qh5 39. Kh3 Qd1 40. Qg2 Rg8 41. Qf3 Qd2 42. Rg2 1-0

[Event "*** Titled Tuesday Blitz"]
[Site "Chess.com"]
[Date "2021.03.02"]
[Round "8"]
[White "ZiggyStardust64"]
[Black "mjray79"]
[Result "1-0"]
[WhiteElo "2621"]
[BlackElo "2471"]
[TimeControl "180+1"]
[EndTime "11:30:11 PST"]
[Termination "ZiggyStardust64 won by checkmate"]

1. e4 d5 2. exd5 Qxd5 3. Nc3 Qa5 4. d4 Nf6 5. a3 c6 6. Bd3 Bg4 7. Ne2 e6 8. O-O Nbd7 9. Qe1 Qc7 10. f3 Bh5 11. Qh4 Be7 12. Nf4 g5 13. Qxg5 Bg6 14.
Qg3 Bd6 15. Ne4 Bxe4 16. fxe4 Rg8 17. Qf3 Be7 18. e5 Ng4 19. h3 Nh6 20. Nxe6 fxe6 21.
Qh5+ Kd8 22. Qxh6 Qb6 23. Be3 Kc7 24. Qxe6 Rae8 25. Qb3 Qxb3 26. cxb3 Rg3 27. Rf3 Rxf3 28. gxf3 Rg8+ 29. Kh1 Rg3 30. Be4 Rxh3+ 31. Kg2 Rh5 32. f4 Rh4 33. Rh1 Nf8 34. Rxh4 Bxh4 35. f5 Kd7 36. f6 Ke6 37. Bd2 Ng6 38. Kf3 Nf8 39. b4 a6 40. a4 Ng6 41. b5 axb5 42. axb5 cxb5 43. Bxg6 hxg6 44. Ke4 g5 45. d5+ Kf7 46. Kf5 g4 47. Kxg4 Bf2 48. Kf5 Bd4 49. e6+ Ke8 50. Bb4 Bxb2 51. f7+ Kd8 52. f8=Q+ Kc7 53. Qd6+ Kc8 54. e7 b6 55. e8=Q+ Kb7 56. Qeb8+ Ka6 57. Qdxb6# 1-0

[Event "*** Titled Tuesday Blitz"]
[Site "Chess.com"]
[Date "2021.03.02"]
[Round "8"]
[White "ruvat"]
[Black "Gogolev_Artemy"]
[Result "0-1"]
[WhiteElo "2342"]
[BlackElo "2493"]
[TimeControl "180+1"]
[EndTime "11:30:11 PST"]
[Termination "Gogolev_Artemy won on time"]

1. d4 Nf6 2. c4 e6 3. g3 d5 4. Nf3 Be7 5. Bg2 O-O 6. O-O dxc4 7. Ne5 Nc6 8. Nxc6 bxc6 9. Na3 Bxa3 10. bxa3 Nd5 11.
Qa4 a5 12. Qxc4 Ba6 13. Qc2 Rb8 14. Rd1 Qd6 15. e4 Nb6 16. Bf4 Qd7 17. Rac1 Bb5 18. Qc3 a4 19. Bf1 Rbc8 20. Qc5 Rfd8 21. Rb1 Bxf1 22.
Kxf1 f6 23. Kg2 g5 24. Be3 Qd6 25. Qxd6 Rxd6 26. Rdc1 Kf7 27. e5 fxe5 28. dxe5 Rd3 29. Rxc6 Nd5 30. Bxg5 Rxa3 31. Rb2 Nc3 32. Bd2 Nd5 33. g4 Ke7 34. f4 Rg8 35. h3 Kd7 36. Rc4 Rd3 37. Rxa4 h5 38. g5 h4 39. Rc2 Rg3+ 40.
Kh2 Rf3 41. Kg2 Rg3+ 42. Kh2 Rb8 43. Rd4 Rb1 44. f5 Rf3 45. Kg2 Rxf5 46. g6 Rb8 47. Rxh4 Rg8 48. Rg4 Rxe5 49. h4 Nf6 50. Rd4+ Kc8 0-1

[Event "*** Titled Tuesday Blitz"]
[Site "Chess.com"]
[Date "2021.03.02"]
[Round "8"]
[White "Andrakhanova"]
[Black "Atco84"]
[Result "1-0"]
[WhiteElo "2285"]
[BlackElo "2407"]
[TimeControl "180+1"]
[EndTime "11:30:11 PST"]
[Termination "Andrakhanova won by resignation"]

1. c4 e5 2. g3 Nf6 3. Bg2 h6 4. Nc3 Bb4 5. e3 O-O 6. Nge2 Re8 7. O-O c6 8. d4 e4 9. d5 d6 10. dxc6 bxc6 11. h3 Ba6 12. b3 d5 13. cxd5 cxd5 14. Bb2 Nc6 15. a3 Bf8 16. Re1 Ne5 17. Nf4 Bd3 18.
Nxd3 Nxd3 19. Re2 a5 20. Rd2 Rb8 21. Bf1 Nxb2 22. Rxb2 Bd6 23. Rd2 Be5 24. Rc1 Qb6 25. Nxd5 Nxd5 26. Rxd5 Qxb3 27. Qxb3 Rxb3 28. Rxa5 Bb2 29.
Rc7 Rxa3 30. Rb5 Be5 31. Rd7 Rc3 32. Kg2 Rc2 33. Rbb7 g5 34. Rxf7 Rf8 35. Rxf8+ Kxf8 36. Rb4 Bc3 37. Rc4 Ke7 38. Be2 Kd6 39. Bd1 Rc1 40. Bg4 Ke5 41. Bh5 Bd2 42. Ra4 Rc2 43. Ra3 Be1 44.
Kh1 Bxf2 45. Ra5+ Kd6 46. Bg6 Bxg3 47. Bxe4 Bf2 48. Bxc2 1-0

[Event "*** Titled Tuesday Blitz"]
[Site "Chess.com"]
[Date "2021.03.02"]
[Round "8"]
[White "klimkoj"]
[Black "Enriquack"]
[Result "1-0"]
[WhiteElo "2602"]
[BlackElo "2456"]
[TimeControl "180+1"]
[EndTime "11:30:12 PST"]
[Termination "klimkoj won by resignation"]

1. e4 c5 2. Nf3 e6 3. d4 cxd4 4.
Nxd4 Nc6 5. Nc3 Qc7 6. Be3 a6 7. Be2 b5 8. O-O Bb7 9. Nxc6 Bxc6 10. Bf3 Nf6 11. a3 Be7 12. Bd4 d6 13. Qe2 O-O 14. Rad1 Rac8 15. Rfe1 Qb7 16. Na2 Qa8 17. Nb4 Bb7 18.
Na2 e5 19. Bc3 Rc4 20. b3 Rc6 21. Bb2 Rfc8 22. Nb4 R6c7 23. Rd2 a5 24. Nd5 Bxd5 25. exd5 b4 26. Ra1 Qb7 27. axb4 axb4 28. Ra5 Rc5 29. Rxc5 Rxc5 30. Bxe5 dxe5 31. d6 Qd7 32. dxe7 Qxe7 33. Qe3 h6 34. Be2 e4 35. Bc4 Qe5 36. h3 g5 37.
Rd8+ Kg7 38. Qd4 Qxd4 39. Rxd4 Ra5 40. Rd6 Ra2 41. Rb6 Rxc2 42. Rxb4 h5 43. Rb7 g4 44. Rxf7+ Kg6 45. Rc7 e3 46. Bf7+ 1-0

[Event "*** Titled Tuesday Blitz"]
[Site "Chess.com"]
[Date "2021.03.02"]
[Round "8"]
[White "Agoking701"]
[Black "KubaGepard"]
[Result "0-1"]
[WhiteElo "2241"]
[BlackElo "2398"]
[TimeControl "180+1"]
[EndTime "11:30:12 PST"]
[Termination "KubaGepard won on time"]

1. d4 d5 2. Bf4 Nf6 3. e3 c5 4.
Nd2 e6 5. Ngf3 Bd6 6. Bg3 Qc7 7. dxc5 Qxc5 8. c4 Nc6 9. Rc1 Bxg3 10. hxg3 d4 11. exd4 Nxd4 12. Nb3 Nxb3 13. Qxb3 O-O 14. Bd3 h6 15. O-O e5 16. Rfe1 Ng4 17. Qc2 f5 18. b4 Qd6 19. c5 Qf6 20. Bc4+ Kh8 21. Rcd1 e4 22. Rd6 Qe7 23. Nh4 Ne5 24. Bb3 g5 25. f4 gxh4 26. fxe5 hxg3 27. Rxh6+ Kg7 28.
Qd2 f4 29. Qd6 Qxd6 30. Rxd6 Bf5 31. Rf1 f3 32. gxf3 Bh3 33. f4 Bxf1 34. Kxf1 Rxf4+ 35. Kg2 e3 36. Rd1 Raf8 37. Re1 Rf2+ 38. Kxg3 R8f3+ 39. Kg4 Rf4+ 40. Kg3 R2f3+ 41. Kg2 Kg6 42. e6 Kf6 43.
Bd5 Rf2+ 44. Kg3 e2 45. Bxb7 Rf5 46. Ba6 R5f3+ 47. Kg4 Re3 48. c6 Ke5 49. e7 Kd6 50. c7 Kxc7 0-1

[Event "*** Titled Tuesday Blitz"]
[Site "Chess.com"]
[Date "2021.03.02"]
[Round "8"]
[White "marvinguevara"]
[Black "DFeco"]
[Result "0-1"]
[WhiteElo "2111"]
[BlackElo "2256"]
[TimeControl "180+1"]
[EndTime "11:30:13 PST"]
[Termination "DFeco won on time"]

1. e4 e5 2. Nf3 Nc6 3. Bc4 d6 4.
O-O g6 5. b4 Bg7 6. c3 Nf6 7. Qb3 O-O 8. d3 h6 9. h3 a6 10. a4 Rb8 11. Be3 b5 12. axb5 axb5 13. Bd5 Nxd5 14. exd5 Ne7 15. Nbd2 f5 16. Ra5 f4 17.
Ba7 Rb7 18. Ne4 c6 19. dxc6+ Kh7 20. cxb7 Bxb7 21. Qe6 d5 22. Nc5 Bc8 23. Qb6 Qe8 24.
Qxb5 Qf7 25. Qa4 g5 26. b5 g4 27. hxg4 Bxg4 28. Qd1 Nf5 29. b6 Nh4 30. Nxh4 Bxd1 31.
Rxd1 Qe7 32. Nf3 e4 33. dxe4 dxe4 34. Nd4 f3 35. g3 e3 36. Re1 e2 37. Ra2 Qxc5 38.
Nxf3 Rxf3 39. Raxe2 Rxg3+ 40. Kf1 Rxc3 41. Re7 Qc4+ 42. R1e2 Rc1+ 0-1

[Event "*** Titled Tuesday Blitz"]
[Site "Chess.com"]
[Date "2021.03.02"]
[Round "8"]
[White "AlexTriapishko"]
[Black "sara_khm"]
[Result "1-0"]
[WhiteElo "2794"]
[BlackElo "2609"]
[TimeControl "180+1"]
[EndTime "11:30:14 PST"]
[Termination "AlexTriapishko won by resignation"]

1. Nf3 d5 2. g3 g6 3. Bg2 Bg7 4. d4 c6 5. O-O Nh6 6. c4 Nf5 7. Nc3 dxc4 8. e3 O-O 9. Qe2 b5 10. a4 b4 11. Ne4 Ba6 12. Nc5 Qa5 13. Nxa6 Qxa6 14. Bd2 b3 15. Rfc1 Nd6 16. Bb4 Nd7 17. Bxd6 exd6 18. Qxc4 Qxc4 19. Rxc4 c5 20. Nd2 Rab8 21.
a5 Rfc8 22. Rac1 Rb5 23. Ne4 d5 24. Nd6 dxc4 25. Nxb5 cxd4 26. exd4 c3 27. Rxc3 Rxc3 28. bxc3 b2 29. Na3 Bf8 30. Nb1 Nb8 31. Be4 Bd6 32.
Kf1 Bc7 33. Ke2 Bxa5 34. Kd3 Bc7 35. Kc2 f5 36. Bd5+ Kf8 37. Kxb2 f4 38. g4 f3 39. h3 h5 40. gxh5 gxh5 41. Bxf3 h4 42. Bg4 Nd7 43. Bxd7 1-0

[Event "*** Titled Tuesday Blitz"]
[Site "Chess.com"]
[Date "2021.03.02"]
[Round "8"]
[White "Rytenko_V"]
[Black "enriquebutti"]
[Result "0-1"]
[WhiteElo "2363"]
[BlackElo "2197"]
[TimeControl "180+1"]
[EndTime "11:30:14 PST"]
[Termination "enriquebutti won on time"]

1. d4 d5 2. Nf3 Nf6 3. Bg5 Nbd7 4. e3 g6 5. c4 e6 6. Nc3 Bg7 7. Be2 O-O 8. O-O c6 9. a3 b6 10. Rc1 Bb7 11. Ne5 Qe8 12. cxd5 exd5 13. f4 Nxe5 14. fxe5 Nd7 15. Bg4 f5 16. exf6 Nxf6 17. Bf3 h6 18. Bf4 g5 19. Be5 Nd7 20. Bxg7 Qxe3+ 21. Kh1 Kxg7 22.
Re1 Qf4 23. Qe2 Nf6 24. h3 Rae8 25. Qd3 g4 26. hxg4 Nxg4 27. Bxg4 Qxg4 28. Rxe8 Rxe8 29.
Rf1 Qh4+ 30. Kg1 Re1 31. b4 Rxf1+ 32. Kxf1 Qf4+ 33. Kg1 b5 34. Ne2 Qg5 35. Qf3 Bc8 36. Nf4 Bg4 37. Qe3 Qf6 38. g3 h5 39. Qe8 Qxd4+ 40.
Kf1 Qd1+ 41. Kg2 Qf3+ 42. Kh2 Qf2+ 43. Ng2 Qf6 44. Nf4 Bf3 45. Qd7+ Kh6 46. Qe8 d4 0-1

[Event "*** Titled Tuesday Blitz"]
[Site "Chess.com"]
[Date "2021.03.02"]
[Round "8"]
[White "Anton_Demchenko"]
[Black "rpragchess"]
[Result "0-1"]
[WhiteElo "2910"]
[BlackElo "2881"]
[TimeControl "180+1"]
[EndTime "11:30:15 PST"]
[Termination "rpragchess won by checkmate"]

1. e4 c5 2. Nf3 e6 3. g3 Nc6 4.
Bg2 Nf6 5. Qe2 e5 6. d3 Be7 7. O-O d6 8. Bg5 O-O 9. Nbd2 Be6 10. Nc4 h6 11. Bxf6 Bxf6 12. Ne3 g6 13. c3 Bg7 14. Nd2 f5 15. f4 Qd7 16. Rf2 Rae8 17. Raf1 exf4 18.
gxf4 Kh7 19. a3 Ne7 20. Kh1 b5 21. Qf3 c4 22. d4 fxe4 23. Nxe4 Bf5 24. Ng3 Bd3 25.
Rg1 Rf7 26. Nd5 Ref8 27. Qe3 Nf5 28. Nxf5 Qxf5 29. Qg3 Re8 30. Ne3 Qe6 31. Ng4 Bf5 32.
h3 h5 33. Nh2 Bf6 34. Nf3 Rfe7 35. Ng5+ Bxg5 36. Qxg5 Qe3 37. Rf3 Qd2 38. Rg3 Re1 39.
Bf3 Qf2 40. Bc6 R8e2 41. Rg2 Rxg1+ 42. Rxg1 Qh2# 0-1

[Event "*** Titled Tuesday Blitz"]
[Site "Chess.com"]
[Date "2021.03.02"]
[Round "8"]
[White "Ginger_GM"]
[Black "ChessWarrior7197"]
[Result "0-1"]
[WhiteElo "2627"]
[BlackElo "2901"]
[TimeControl "180+1"]
[EndTime "11:30:15 PST"]
[Termination "ChessWarrior7197 won by resignation"]

1. f4 d5 2. e3 Nf6 3. Nf3 Bg4 4. Be2 Bxf3 5. Bxf3 c6 6. O-O g6 7. d3 Bg7 8. e4 O-O 9. Nc3 e6 10. Kh1 Nfd7 11. Qe1 Na6 12. h4 Nb4 13. Bd1 h5 14.
a3 Na6 15. f5 exf5 16. exf5 Kh7 17. Qg3 Bf6 18. Bg5 Qc7 19. Bf4 Qb6 20. Rb1 Rae8 21.
Bf3 Qd8 22. Bg5 Qc7 23. Bf4 Be5 24. Ne2 Rg8 25. d4 Bxf4 26. Nxf4 gxf5 27. Qh2 Nf6 28.
Nxh5 Qxh2+ 29. Kxh2 Kg6 30. Nf4+ Kh6 31. Nd3 Nc7 32. Ne5 Rg7 33. Be2 Reg8 34. Bf3 Ne6 35. c3 Nf4 36. Rf2 Ng6 37. Nxg6 fxg6 38. Re1 g5 39.
hxg5+ Kxg5 40. Re5 Rh7+ 41. Kg1 Rgh8 42. Kf1 Rh1+ 43. Ke2 Rb1 44. Kd3 Re8 45. Rxe8 Nxe8 46. Kc2 Re1 47. Be2 Nd6 48. Bd3 f4 49. b3 a5 50. c4 Ne4 51. Bxe4 dxe4 52. d5 cxd5 53. cxd5 e3 54. Rf3 Re2+ 55. Kc3 Rxg2 0-1

[Event "*** Titled Tuesday Blitz"]
[Site "Chess.com"]
[Date "2021.03.02"]
[Round "8"]
[White "Mikedannnn"]
[Black "ChessQueen"]
[Result "0-1"]
[WhiteElo "2571"]
[BlackElo "2727"]
[TimeControl "180+1"]
[EndTime "11:30:15 PST"]
[Termination "ChessQueen won by resignation"]

1. e4 c5 2. Nf3 Nc6 3. Bb5 Nf6 4. O-O Nxe4 5. Re1 Nf6 6. d4 cxd4 7. Bg5 e6 8. Nxd4 Be7 9. Nc3 O-O 10. Nf3 d5 11. Bf4 Qb6 12. Rb1 Rd8 13. h3 Bd7 14. a3 Be8 15. Bd3 Rac8 16. Ne2 Bc5 17. Rf1 Ne4 18. Qe1 f6 19. Ng3 Bxf2+ 20. Rxf2 Qxf2+ 21. Qxf2 Nxf2 22. Kxf2 e5 23. Be3 e4 24. Nxe4 dxe4 25. Bxe4 Bg6 26. Bxg6 hxg6 27. c3 b6 28. h4 Kf7 29. a4 Rd5 30. Ra1 Re8 31. Bf4 Re4 32. g3 Rd3 33. a5 bxa5 34. Bc7 Rd5 35. Bf4 Rb5 36. Ra2 Re7 37.
Nd2 Ne5 38. Bxe5 Rbxe5 39. Nc4 Re2+ 40. Kf3 Rh2 41. Rxa5 Rc7 42. Nd6+ Ke6 43. Nb5 Rc5 44. Nd4+ Kd5 45. Rxa7 Rxb2 46. Rxg7 Rxc3+ 47. Kf4 Rf2+ 48. Kg4 Kxd4 49. Rxg6 Ke5 50. h5 Rc4+ 51. Kh3 Rc1 52. Rg8 Rh1+ 53. Kg4 Rfh2 54. Re8+ Kd6 55. Rh8 Ke6 56.
Re8+ Kf7 0-1

[Event "*** Titled Tuesday Blitz"]
[Site "Chess.com"]
[Date "2021.03.02"]
[Round "8"]
[White "Make_it_shine060"]
[Black "KerryStead"]
[Result "1-0"]
[WhiteElo "2258"]
[BlackElo "2018"]
[TimeControl "180+1"]
[EndTime "11:30:15 PST"]
[Termination "Make_it_shine060 won on time"]

1. d4 c5 2. d5 f5 3. c4 g6 4. Nc3 Bg7 5. e4 Bxc3+ 6. bxc3 fxe4 7. Ne2 Nf6 8. Ng3 d6 9. Bg5 Nbd7 10. Qc2 Qa5 11.
Bd2 Ne5 12. Nxe4 Bf5 13. Nxf6+ exf6 14. Qb3 O-O-O 15. O-O-O Rhe8 16. f3 Qa6 17. Bf4 Rd7 18.
g4 Nxg4 19. fxg4 Bxg4 20. Rd2 Re1+ 21. Kb2 Rde7 22. Bg2 Rxh1 23. Bxh1 Re1 24. Bg2 Rg1 25. Be4 Re1 26. Bd3 Kd7 27. Rg2 Bf3 28. Rf2 Be4 29.
Bxe4 Rxe4 30. Bd2 Rxc4 31. Rxf6 Rh4 32. Rf7+ Kc8 33. Rf8+ Kd7 34. Rf2 b5 35. Bg5 Re4 36. Rf7+ Kc8 37. Rf8+ Kb7 38. Qc2 1-0

[Event "*** Titled Tuesday Blitz"]
[Site "Chess.com"]
[Date "2021.03.02"]
[Round "8"]
[White "Grandmaster1369"]
[Black "maheswaran26"]
[Result "0-1"]
[WhiteElo "2413"]
[BlackElo "2303"]
[TimeControl "180+1"]
[EndTime "11:30:16 PST"]
[Termination "maheswaran26 won by checkmate"]

1. e4 c6 2. d4 d5 3. Nd2 dxe4 4.
Nxe4 Bf5 5. Ng3 Bg6 6. h4 h6 7. Nf3 Nd7 8. h5 Bh7 9. Bd3 Bxd3 10.
Qxd3 e6 11. Bd2 Qc7 12. O-O-O Ngf6 13. Ne4 Nxe4 14. Qxe4 Nf6 15. Qe2 Qd7 16. c4 b5 17.
Ne5 Qxd4 18. cxb5 Qc5+ 19. Bc3 Qxb5 20. Qf3 Be7 21. Nxc6 Nd5 22. Nxe7 Kxe7 23. Bxg7 Rhc8+ 24. Kb1 Rab8 25. Ka1 Nb4 26. Rc1 Nc2+ 27. Rxc2 Rxc2 28.
Bc3 Rxb2 29. Qf6+ Ke8 30. Qh8+ Kd7 31. Rd1+ Kc6 32. Qd4 Rxa2+ 33. Kxa2 Qb3+ 34. Ka1 Qa3# 0-1

[Event "*** Titled Tuesday Blitz"]
[Site "Chess.com"]
[Date "2021.03.02"]
[Round "8"]
[White "stepakyedael"]
[Black "cukin84"]
[Result "1-0"]
[WhiteElo "2327"]
[BlackElo "2144"]
[TimeControl "180+1"]
[EndTime "11:30:16 PST"]
[Termination "stepakyedael won by resignation"]

1. d4 f5 2. Bg5 h6 3. Bh4 g5 4. e3 Nf6 5. Bg3 d6 6. Bc4 e6 7.
Nd2 Bg7 8. h4 g4 9. h5 O-O 10.
Ne2 Qe7 11. Nf4 d5 12. Ng6 Qf7 13. Nxf8 Bxf8 14. Bb3 b6 15. c4 Bb7 16. cxd5 Nxd5 17. Nc4 Bb4+ 18. Kf1 Na6 19. Ne5 Qg7 20. a3 Bd6 21. Qc2 c5 22. Ba4 Rd8 23. Bc6 Qc7 24.
Bxb7 Qxb7 25. Qd3 cxd4 26. exd4 f4 27. Bh4 Rf8 28. Qg6+ Qg7 29. Qxe6+ Kh7 30. Qxd5 Bxe5 31. Qe4+ Kh8 32. Qxe5 g3 33. Qxg7+ Kxg7 34. Ke2 gxf2 35. Bxf2 Nc7 36. Kd3 Nd5 37. Rhe1 Rc8 38. Re5 Nf6 39.
Bh4 Ng4 40. Re7+ Kf8 41. Rxa7 Re8 42. Re1 Rd8 43. Ree7 Ne3 44. Rh7 Rxd4+ 45. Kxd4 Nf5+ 46. Ke5 1-0

[Event "*** Titled Tuesday Blitz"]
[Site "Chess.com"]
[Date "2021.03.02"]
[Round "8"]
[White "Galileo22"]
[Black "Trankuilizer"]
[Result "1/2-1/2"]
[WhiteElo "2451"]
[BlackElo "2562"]
[TimeControl "180+1"]
[EndTime "11:30:17 PST"]
[Termination "Game drawn by repetition"]

1. d4 Nf6 2. Bg5 Ne4 3. Bh4 c5 4. dxc5 Qa5+ 5. Nd2 Na6 6. c3 Nxd2 7. Qxd2 Qxc5 8. e4 Qb6 9. f3 d6 10. Ne2 Nc5 11. Nd4 e5 12. Nf5 Bxf5 13. exf5 Be7 14. Bf2 Qc6 15. Bc4 Nd7 16. Bd5 Qc7 17. g4 Nf6 18. Bb3 d5 19. g5 Nh5 20. Qxd5 Bxg5 21. Bc5 Nf6 22. Ba4+ Nd7 23. Rd1 O-O-O 24. Bd6 Bh4+ 25.
Ke2 Nb6 26. Bxc7 Rxd5 27. Bxb6 Rxd1 28. Rxd1 axb6 29. Rd7 Rf8 30. Rd5 Bf6 31. Bb3 Kc7 32. a3 Re8 33. Kf2 Re7 34. Rd2 Bg5 35. Rd1 Bf4 36.
h3 f6 37. Bc2 b5 38. Be4 b6 39.
Ke2 Rd7 40. Rxd7+ Kxd7 41. Kd3 Kd6 42. Kc2 Be3 43. Kb3 Kc5 44. Kc2 Bf4 45. Kd3 Bg5 46. Kc2 Bf4 47. Kd3 Bh6 48. Kc2 Bf4 1/2-1/2

[Event "*** Titled Tuesday Blitz"]
[Site "Chess.com"]
[Date "2021.03.02"]
[Round "8"]
[White "Lagmantr"]
[Black "Legendinunknown"]
[Result "0-1"]
[WhiteElo "2738"]
[BlackElo "2629"]
[TimeControl "180+1"]
[EndTime "11:30:19 PST"]
[Termination "Legendinunknown won on time"]

1. Nf3 Nf6 2. c4 g6 3. Nc3 Bg7 4. e4 d6 5. g3 O-O 6. Bg2 e5 7.
O-O Nbd7 8. b4 a5 9. b5 Nc5 10. d3 Nh5 11. Re1 f5 12. exf5 Bxf5 13. Ng5 Nxd3 14.
g4 Nxc1 15. h4 Nd3 16. gxf5 Nxe1 17. fxg6 hxg6 18. Qxe1 Nf4 19. Qe4 Qf6 20. Nd5 Nxd5 21. Qxd5+ Kh8 22. Rf1 Bh6 23. Qxb7 Bxg5 24. hxg5 Qe7 25.
Qe4 Qxg5 26. f4 exf4 27. Qd4+ Kh7 28. Rf3 Qe5 29. Rh3+ Kg7 30. Qxe5+ dxe5 31. Bxa8 Rxa8 32. Rd3 Kf6 33. Rd7 Rc8 34. Kf2 e4 35. c5 g5 36. c6 g4 37. a4 Ke5 38. Re7+ Kd4 39. Rf7 e3+ 40. Kg2 f3+ 41. Kg3 e2 42. Rd7+ Kc4 43.
Re7 Kb3 44. Re5 Kxa4 45. Kf2 Rg8 46. b6 cxb6 47. c7 Rc8 48. Re4+ Kb5 49. Re7 a4 50.
Re8 Rxe8 51. c8=Q Rxc8 0-1

[Event "*** Titled Tuesday Blitz"]
[Site "Chess.com"]
[Date "2021.03.02"]
[Round "8"]
[White "verdest"]
[Black "Volodar_Murzin"]
[Result "1-0"]
[WhiteElo "2514"]
[BlackElo "2684"]
[TimeControl "180+1"]
[EndTime "11:30:19 PST"]
[Termination "verdest won on time"]

1. d4 Nf6 2. c4 g6 3. g3 Bg7 4.
Bg2 O-O 5. Nc3 d6 6. Nf3 Nbd7 7. O-O e5 8. e4 a6 9. h3 exd4 10. Nxd4 Ne5 11. b3 Nh5 12. Be3 b5 13. cxb5 axb5 14. Rc1 b4 15. Nd5 c5 16. Nb5 Rxa2 17.
Nxd6 Qxd6 18. Bxc5 Qe6 19. Nc7 Qd7 20. Bxf8 Bxf8 21.
Nd5 Ba6 22. Re1 Qa7 23. Re3 Bh6 24. Rc7 Bxe3 25. Rxa7 Bxf2+ 26. Kh2 Bxa7 27. Nxb4 Rf2 28. Nxa6 h6 29. Nc7 Kh7 30. Nd5 Bb8 31. Kg1 Ba7 32.
Kh2 f5 33. exf5 Kg7 34. f6+ Kf7 35. Nc7 Nf3+ 36. Qxf3 Rxf3 37. Bxf3 Nxf6 38. Nb5 Bb8 39. Nc3 Ke6 40. Kg2 Ke5 41. Be2 1-0

[Event "*** Titled Tuesday Blitz"]
[Site "Chess.com"]
[Date "2021.03.02"]
[Round "8"]
[White "wadsy27"]
[Black "CakeinSpace2002"]
[Result "1-0"]
[WhiteElo "2541"]
[BlackElo "2415"]
[TimeControl "180+1"]
[EndTime "11:30:19 PST"]
[Termination "wadsy27 won by resignation"]

1. c4 c5 2. g3 g6 3. Bg2 Bg7 4. Nc3 Nc6 5. Nf3 Nh6 6. d4 cxd4 7. Bxh6 Bxh6 8. Nxd4 O-O 9. O-O Qb6 10. Nb3 d6 11. Nd5 Qd8 12. Nd4 Nxd4 13. Qxd4 Bg7 14. Qd2 Be6 15.
Rfd1 Rc8 16. Rac1 Re8 17. b3 a6 18. a4 Rc5 19. b4 Rc8 20. a5 Rb8 21. Nb6 Qc7 22.
c5 dxc5 23. Rxc5 Qd6 24. Qxd6 exd6 25. Rc7 Bf5 26. e3 Be4 27. Bxe4 Rxe4 28. Nd5 h5 29. f3 Re5 30. e4 f5 31. exf5 gxf5 32. f4 Re4 33.
Ne7+ Kh8 34. Nxf5 Bf8 35. Nxd6 Rxb4 36. Nf7+ Kg8 37. Rd5 Rb5 38. Rdd7 Re8 39. Ne5 Rxa5 40. Rxb7 Ra1+ 41. Kg2 a5 42. Kh3 Ra2 43. Rb6 a4 44.
Rg6+ Kh8 45. Nf7+ Kh7 46. f5 Re7 47. Ng5+ Kh8 48. Rd8 Rf7 49. Nxf7+ 1-0

[Event "*** Titled Tuesday Blitz"]
[Site "Chess.com"]
[Date "2021.03.02"]
[Round "8"]
[White "Grineva_Marianna"]
[Black "shaheus"]
[Result "1-0"]
[WhiteElo "2239"]
[BlackElo "2404"]
[TimeControl "180+1"]
[EndTime "11:30:19 PST"]
[Termination "Grineva_Marianna won on time"]

1. e4 c5 2. Nf3 Nc6 3. d4 cxd4 4. Nxd4 Nf6 5. Nc3 d6 6. f3 e6 7. Be3 Be7 8. Qd2 O-O 9. O-O-O a6 10. g4 Qc7 11. h4 b5 12. Nxc6 Qxc6 13. g5 Nd7 14. Ne2 e5 15. Nc3 Nc5 16. Nd5 Bd8 17. h5 Be6 18.
Kb1 Rc8 19. c4 Na4 20. Rc1 Bxd5 21. exd5 Qb7 22. Qb4 Bb6 23. Bxb6 Qxb6 24. Bh3 Rc5 25. Bd7 Rd8 26. Bc6 Rb8 27. Rh2 a5 28. Qb3 Rxc6 29. dxc6 Qd4 30. cxb5 Nc5 31. Qc4 Qe3 32. c7 Rc8 33. b6 Qxf3 34. Rhc2 Qb7 35. g6 Qxb6 36. Qxf7+ Kh8 37. Rxc5 dxc5 38. Rf1 Qd6 39. gxh7 Kxh7 40. Qf5+ Kh6 41. Rg1 Rf8 42. Rg6+ Kh7 43. Rf6+ Kh8 44. Rxf8+ Qxf8 45. Qxf8+ 1-0

[Event "*** Titled Tuesday Blitz"]
[Site "Chess.com"]
[Date "2021.03.02"]
[Round "8"]
[White "Nayemhaque22"]
[Black "kamilianin235"]
[Result "1-0"]
[WhiteElo "2309"]
[BlackElo "2188"]
[TimeControl "180+1"]
[EndTime "11:30:20 PST"]
[Termination "Nayemhaque22 won on time"]

1. d4 d5 2. Nf3 Nf6 3. Bf4 Bf5 4.
c4 dxc4 5. Nc3 a6 6. a4 e6 7. e3 c5 8. Bxc4 Nc6 9. O-O cxd4 10. exd4 Nb4 11. a5 Be7 12. Na4 Nbd5 13. Be5 O-O 14. Nc5 b5 15. Bd3 Bxd3 16. Qxd3 Nd7 17. Rfc1 Nxc5 18.
dxc5 Rc8 19. Bd4 Qc7 20. Qd2 Rfd8 21. b4 f6 22. Qe1 e5 23. Bb2 Qc6 24. Rd1 Nf4 25.
Qe3 Rd5 26. Rd2 Rcd8 27. Rad1 Rxd2 28. Rxd2 Rxd2 29. Qxd2 Qe4 30. h3 Nxh3+ 31. gxh3 Qxf3 32. Qd7 Bf8 33. c6 Qe2 34. Qd5+ Kh8 35. c7 Qc2 36. Qc5 Bxc5 37. c8=Q+ 1-0

[Event "*** Titled Tuesday Blitz"]
[Site "Chess.com"]
[Date "2021.03.02"]
[Round "8"]
[White "PotapovaM"]
[Black "LileKoridze"]
[Result "0-1"]
[WhiteElo "2526"]
[BlackElo "2434"]
[TimeControl "180+1"]
[EndTime "11:30:21 PST"]
[Termination "LileKoridze won on time"]

1. d4 Nf6 2. c4 e6 3. Nf3 d5 4. Nc3 Bb4 5. cxd5 exd5 6. Bg5 O-O 7. e3 c6 8. Bd3 h6 9. Bh4 Be7 10. O-O Bg4 11. h3 Bh5 12. Ne2 Bxf3 13. gxf3 Nh5 14.
Bxe7 Qxe7 15. Qd2 f5 16. Ng3 Qh4 17. Nxf5 Qg5+ 18. Ng3 Rxf3 19. Kg2 Rxg3+ 20. fxg3 Nxg3 21. Kh2 Nxf1+ 22. Rxf1 Nd7 23. Rg1 Qe7 24. Qg2 Nf6 25.
Qg6 Qf7 26. Qg2 Rf8 27. Bg6 Qc7+ 28. Kh1 Qe7 29. Bd3 Ne4 30. Bxe4 dxe4 31. Rf1 Rxf1+ 32. Qxf1 Qf7 33. Qg2 Qxa2 34. Qxe4 Qd5 35. Qxd5+ cxd5 36. Kg2 Kf7 37. Kf3 Ke6 38. Kf4 g6 39. h4 a5 40. e4 dxe4 41. Kxe4 b5 42. d5+ Kd6 43. Kd4 g5 44. h5 a4 45. Ke4 b4 46. Kf5 a3 0-1

[Event "*** Titled Tuesday Blitz"]
[Site "Chess.com"]
[Date "2021.03.02"]
[Round "8"]
[White "vinniethepooh"]
[Black "Bayernbk"]
[Result "1-0"]
[WhiteElo "2708"]
[BlackElo "2558"]
[TimeControl "180+1"]
[EndTime "11:30:22 PST"]
[Termination "vinniethepooh won on time"]

1. d4 Nf6 2. c4 e6 3. Nc3 d5 4.
cxd5 Nxd5 5. e4 Nxc3 6. bxc3 c5 7. Nf3 cxd4 8. cxd4 Bb4+ 9. Bd2 Bxd2+ 10. Qxd2 O-O 11. Bc4 Nc6 12. O-O b6 13. Rac1 Bb7 14. Rfd1 Rc8 15. h3 Qd6 16. Qe3 Na5 17. Bd3 Rxc1 18. Rxc1 Rc8 19. Rxc8+ Bxc8 20. e5 Qd5 21. Ng5 h6 22.
Bh7+ Kf8 23. Qa3+ Ke8 24. Ne4 Bb7 25. Nd6+ Kd7 26. Be4 Qxd4 27. Nxb7 Qa1+ 28. Kh2 Qxe5+ 29.
g3 Qxe4 30. Qd6+ Kc8 31. Nxa5 bxa5 32. Qf8+ Kb7 33. Qxf7+ Kb6 34. Qxg7 a4 35. Qxh6 Kb5 36. Qe3 Qd5 37. a3 Qb3 38. h4 Qd5 39. Kh3 Qf5+ 40. Kg2 a5 41. Qf3 Qe5 42. h5 Qg5 43. g4 1-0